AoeStats
← MKNG | Sr. MnKo

Arena

513072129Analyzed
3v3 RM · 6d ago on Oct 12, 2026· 48m 35s· 6 players
Game mode
Random Map
Map size
Normal (6 player)
Population
200
Speed
Normal
Resources
Standard
Victory
Conquest
Starting age
Dark Age
Ending age
Imperial Age
RankedLock teamsTeams togetherTeam positionsShared explorationLock speedFull tech treeHidden civsTurbo modeCheats
Victory
Defeat
🇲🇽 Spanish · Mexico
1179
+8
🇨🇱 Malay · Chile
1037
+14
🇦🇷 Danes · Argentina
990
+16
vs
🇲🇽 Britons · Mexico
1021
-15
🇨🇴 Bohemians · Colombia
988
-12
🇲🇽 Franks · Mexico
965
-12
MKNG I MAU
7:12 Loom
10:34 Feudal Age
16:37 Castle Age
15:22 Double-Bit Axe
17:43 Bow Saw
18:14 Horse Collar
19:54 Stone Mining
19:54 Gold Mining
21:38 Wheelbarrow
21:56 Fortified Wall
21:54 Town Watch
34:05 Hand Cart
36:09 Fletching
37:37 Ballistics
37:41 Bodkin Arrow
41:55 Imperial Age
40:40 Yeomen
41:24 Crossbowman
43:18 Bracer
43:53 Arbalester
45:44 Chemistry
MKNG | MSP
5:49 Loom
11:30 Feudal Age
15:46 Castle Age
14:00 Double-Bit Axe
14:28 Horse Collar
16:57 Loom
17:41 Forging
24:26 Fletching
24:36 Padded Archer Armor
25:37 Man-at-Arms
26:18 Squires
27:58 Murder Holes
27:36 Long Swordsman
MKNG | Sr. MnKo
4:55 Loom
10:32 Feudal Age
11:16 Double-Bit Axe
17:10 Castle Age
17:34 Scale Barding Armor
23:16 Fervor
23:49 Forging
24:41 Devotion
28:08 Husbandry
28:31 Gold Mining
29:09 Light Cavalry
30:48 Iron Casting
36:25 Chain Barding Armor
40:59 Wheelbarrow
43:13 Man-at-Arms
43:14 Pikeman
43:41 Gambesons
44:02 Squires
44:05 Long Swordsman
45:16 Fletching
SDK.SALEM6
10:05 Feudal Age
14:23 Castle Age
18:55 Forging
19:27 Sanctity
20:31 Fervor
21:14 Redemption
22:26 Loom
23:21 Atonement
35:21 Thumb Ring
35:11 Fletching
36:27 Wheelbarrow
37:55 Hand Cart
37:44 Bodkin Arrow
39:33 Horse Collar
39:41 Double-Bit Axe
41:00 Bloodlines
41:57 Padded Archer Armor
46:52 Ballistics
50:28 Imperial Age
TVHG.hadess
12:30 Feudal Age
14:27 Loom
17:35 Castle Age
16:27 Double-Bit Axe
18:30 Horse Collar
20:29 Forging
22:58 Fletching
23:37 Squires
29:13 Wheelbarrow
31:19 Elite Skirmisher
32:43 Thumb Ring
33:03 Bodkin Arrow
33:09 Padded Archer Armor
33:57 Bow Saw
33:42 Gold Mining
37:08 Imperial Age
35:00 Hand Cart
35:19 Ballistics
35:32 Heavy Plow
37:42 Chemistry
36:46 Bracer
37:02 Leather Archer Armor
37:00 Scale Barding Armor
37:31 Iron Casting
37:20 Conscription
38:16 Crop Rotation
38:23 Gold Shaft Mining
37:38 Stone Mining
38:28 Elite Karambit Warrior
40:21 Ring Archer Armor
42:45 Blast Furnace
LBAoE | Lord Favius
10:10 Feudal Age
14:49 Castle Age
16:07 Double-Bit Axe
16:03 Horse Collar
19:03 Heavy Plow
21:54 Scale Mail Armor
22:10 Arson
23:02 Loom
23:10 Gambesons
26:22 Forging
26:59 Bow Saw
32:31 Wheelbarrow
33:10 Squires
35:34 Hand Cart
35:36 Chain Mail Armor
42:06 Gold Mining
42:06 Stone Mining
45:24 Imperial Age
44:45 Iron Casting
46:37 Elite Varangian Guard
46:42 Capped Ram
48:28 Siege Ram
Connection lost

Rejoining the realm…

Still unreachable

The connection could not be restored.

Session expired

The server has moved on; the page needs a fresh start.